 Dungeon Crawl Stone Soup version 0.27-a0-1555-g0e7b3fb1d2 (webtiles) character file.

Game seed: 14510293445847996662

33 Leszczynek the Skirmisher (level 3, 0/25 (29) HPs)
             Began as a Human Gladiator on July 14, 2021.
             Slain by a necrophage (5 damage)
             ... on level 4 of the Dungeon.
             The game lasted 00:05:03 (610 turns).

Leszczynek the Skirmisher (Human Gladiator)          Turns: 610, Time: 00:05:03

HP:   0/25 (29)     AC:  4    Str: 14    XL:     3   Next: 47%
MP:   3/3           EV: 16    Int:  9    God:
Gold: 61            SH:  0    Dex: 14    Spells: 2/2 levels left

rFire    . . .     SeeInvis .   j - +2 dagger (venom)
rCold    . . .     Faith    .   (no shield)
rNeg     . . .     Spirit   .   a - +0 leather armour
rPois    .         Reflect  .   b - +0 helmet
rElec    .         Harm     .   (no cloak)
rCorr    .         Rampage  .   (no gloves)
Will     .....                  (no boots)
Stlth    +.........             (no amulet)
HPRegen  0.08/turn              d - +4 ring of evasion
MPRegen  0.08/turn              (no ring)

@: heavily drained
A: no striking features
a: no special abilities


You were on level 4 of the Dungeon.
You visited 1 branch of the dungeon, and saw 4 of its levels.

You collected 61 gold pieces.

Inventory:

Hand Weapons
 f - a +0 short sword
 g - a +1 dagger of draining
 j - a +2 dagger of venom (weapon)
 m - a +0 quick blade
Missiles
 c - 3 throwing nets (quivered)
Armour
 a - a +0 leather armour (worn)
 b - a +0 helmet (worn)
Jewellery
 d - a +4 ring of evasion (left hand)
Scrolls
 n - a scroll of amnesia {unknown}
 o - a scroll of torment {unknown}
 p - 2 scrolls of teleportation {unknown}
 r - a scroll of vulnerability {unknown}
Potions
 e - a potion of lignification {unknown}
 h - a potion of heal wounds {unknown}
 i - a potion of haste {unknown}
 k - 2 potions of curing {@q1}
 l - a potion of mutation {unknown}
 q - a potion of degeneration {unknown}


   Skills:
 + Level 3.6 Fighting
 - Level 2.0 Throwing
 - Level 3.0 Dodging
 - Level 3.0 Unarmed Combat


You had 2 spell levels left.
You didn't know any spells.
Your spell library was empty.

Dungeon Overview and Level Annotations

Branches:
Dungeon (4/15)
 Temple: D:4-7

Altars:
Elyvilon

Annotations:
D:3 Natasha


Message History

You hit the necrophage.
The necrophage is heavily damaged.
You barely miss the necrophage.
The necrophage is heavily damaged.
The necrophage closely misses you.
You closely miss the necrophage.
The necrophage is moderately damaged.
The necrophage barely misses you.
You hit the necrophage.
The necrophage is heavily damaged.
The necrophage hits you.
You feel drained.
You closely miss the necrophage.
The necrophage is heavily damaged.
You completely miss the necrophage.
The necrophage is heavily damaged.
The necrophage hits you.
* * * LOW HITPOINT WARNING * * *
You closely miss the necrophage.
The necrophage is heavily damaged.
The necrophage closely misses you.
It was a potion of curing.
You feel better. The necrophage barely misses you.
Your +2 dagger of venom begins to drip with poison!
j - a +2 dagger of venom (weapon)
You hit the necrophage.
The necrophage is heavily damaged.
The necrophage hits you.
You feel drained.
You hit the necrophage.
The necrophage is severely damaged.
The necrophage hits you.
* * * LOW HITPOINT WARNING * * *
You feel drained.
* * * LOW HITPOINT WARNING * * *
Unknown command.
You hit the necrophage.
The necrophage is severely damaged.
The necrophage misses you.
You hit the necrophage.
The necrophage is severely damaged.
The necrophage hits you.
You die...

... #.# # ...
. ## #.#.## .
.....#
#.#.#.#
#.#n.# #..@.#
######..#
#.......#
#.####.## #.#
#.# ## #.#
#.#
.##########.#
#.#
............#
#.#
#########.###
#..


You could see a necrophage.

Vanquished Creatures
  An adder (D:4)
  A dart slug (D:2)
  2 endoplasms (D:1)
  4 goblins
  A hobgoblin (D:2)
  6 jackals
  A kobold (D:2)
  A ball python (D:1)
  A frilled lizard (D:2)
  A rat (D:1)
19 creatures vanquished.

Vanquished Creatures (others)
  7 fungi (D:3)
  4 plants (D:3)
11 creatures vanquished.

Grand Total: 30 creatures vanquished

Notes
Turn   | Place    | Note
-------+----------+-------------------------------------------
     0 | D:1      | Leszczynek the Human Gladiator began the quest for the Orb.
     0 | D:1      | Reached XP level 1. HP: 16/16 MP: 1/1
   206 | D:2      | Reached XP level 2. HP: 20/23 MP: 2/2
   270 | D:3      | Noticed Natasha
   300 | D:2      | Reached skill level 3 in Fighting
   382 | D:2      | Found a white marble altar of Elyvilon.
   400 | D:2      | Reached XP level 3. HP: 26/29 MP: 3/3
   584 | D:4      | Noticed a necrophage
   603 | D:4      | HP: 5/27 [necrophage (5)]
   608 | D:4      | HP: 5/25 [necrophage (1)]
   610 | D:4      | Slain by a necrophage

Illustrated notes

Levels and vault maps discovered:
D:1:      nagdon_arrival_double_spiral, layout_loops_cross
D:2:      layout_basic, basic_altar
D:3:      layout_basic, nicolae_overflow_hidden_temple, serial_shops, shop,
          dreamdust_ecumenical_altar_grove, st_stairs_3, minmay_misc_feat_tiny,
          uniq_natasha
D:4:      layout_loops_ring, mainiacjoe_overflow_six_doors_small,
          hangedman_decor_riveting, st_stairs_8, nicolae_specific_store

Skill      XL: |  1  2 |
---------------+-------+-----
Fighting       | 3 |  3.6
Throwing       | |  2.0
Dodging        | |  3.0
Unarmed Combat | |  3.0

Action                   || total
-------------------------++-------
Melee: Short sword       ||     7
       Unarmed           ||     4
       Dagger            ||    38
       Punch             ||     2
       Quick blade       ||    18
  Use: Potion            ||     1
Armor: Leather armour    ||     4
Dodge: Dodged            ||    34

Table legend: (Time is in decaauts)
 A = Elapsed time spent in this place.
 B = Non-inter-level travel time spent in this place.
 C = Inter-level travel time spent in this place.
 D = Time resting spent in this place.
 E = Time spent auto-exploring this place.
 F = Levels seen in this place.
 G = Mean time per level.
                   A        B        C        D        E       F      G
               +--------+--------+--------+--------+--------+-----+--------+
         Total |    603 |    603 |      0 |      0 |      0 |   4 |  150.8 |
       Dungeon |    603 |    603 |      0 |      0 |      0 |   4 |  150.8 |
               +--------+--------+--------+--------+--------+-----+--------+

Top non-repeatable levels by time:
     D:1: 217 daAuts
     D:2: 186 daAuts
     D:3: 115 daAuts
     D:4: 84 daAuts
